 Dungeon Crawl Stone Soup version 0.25.0-1-g7eea58d2a3 (webtiles) character file.

Game seed: 13040453601053097377

164 mortelune the Skirmisher (level 5, -3/51 HPs)
             Began as a Gargoyle Fighter on June 15, 2020.
             Killed from afar by Dowan (7 damage)
             ... with an exploding inner flame
             ... hexed by the player character
             ... on level 5 of the Dungeon.
             The game lasted 00:04:00 (3289 turns).

mortelune the Skirmisher (Gargoyle Fighter)         Turns: 3289, Time: 00:04:00

Health: -3/51      AC: 11    Str: 21    XL:     5   Next: 45%
Magic:  5/5        EV:  7    Int:  8    God:
Gold:   178        SH:  9    Dex:  9    Spells: 4/4 levels left

rFire    . . .     SeeInvis .   a - +0 war axe
rCold    . . .     Gourm    .   c - +0 kite shield
rNeg     + + .     Faith    .   b - +0 scale mail
rPois    ∞         Spirit   .   (no helmet)
rElec    +         Reflect  .   k - scarf {+Inv}
rCorr    +         Harm     .   (no gloves)
MR       .....                  (no boots)
Stlth    ..........             (no amulet)
HPRegen  0.17/turn              C - ring of resist corrosion
MPRegen  0.09/turn              N - ring of positive energy

@: mighty, berserking, very quick
A: negative energy resistance 1, electricity resistance, unbreathing,
petrification resistance, rot immunity, AC +4
a: Evoke Invisibility


You were on level 5 of the Dungeon.
You were not hungry.

You visited 1 branch of the dungeon, and saw 5 of its levels.

You collected 178 gold pieces.

Inventory:

Hand Weapons
 a - a +0 war axe (weapon)
 o - a +1 vorpal hunting sling
Armour
 b - a +0 scale mail (worn)
 c - a +0 kite shield (worn)
 k - a scarf of invisibility (worn)
Jewellery
 r - an uncursed ring of magical power
 C - a ring of resist corrosion (left hand)
 N - a ring of positive energy (right hand)
Wands
 x - a wand of enslavement (3)
Scrolls
 j - a scroll of identify {unknown}
 l - a scroll of enchant armour {unknown}
 m - 3 scrolls of remove curse {unknown}
 q - 3 scrolls of noise {unknown}
 s - a scroll of teleportation {unknown}
 v - 2 scrolls of enchant weapon {unknown}
Potions
 d - a potion of might
 e - a potion of berserk rage
 h - 2 potions of haste {unknown}
 i - a potion of ambrosia {unknown}
 n - a potion of mutation {unknown}
 p - 3 potions of curing {unknown}
 u - a potion of invisibility {unknown}
 w - a potion of lignification {unknown}
Comestibles
 f - 10 rations


   Skills:
 + Level 4.6 Fighting
 + Level 3.2 Axes
 + Level 4.6 Armour
 - Level 3.2 Shields


You had 4 spell levels left.
You didn't know any spells.
Your spell library was empty.

Dungeon Overview and Level Annotations

Branches:
Dungeon (5/15)
 Temple: D:4-7

Altars:

Annotations:
D:5 Duvessa


Innate Abilities, Weirdness & Mutations

You are resistant to torment.
Your stone body is resilient. (AC +4)
You are immune to poison.
You resist negative energy. (rN+)
You are resistant to electric shocks. (rElec)
You can survive without breathing.
You are immune to petrification.
You are immune to rotting.


Message History

Dowan hits you but does no damage.
Duvessa hits you with a +1 rapier of speed.
* * * LOW HITPOINT WARNING * * *
You feel very mighty all of a sudden.
Dowan smirks and points a slender finger.
You block Dowan's attack.
Duvessa hits you with a +1 rapier of speed!
* * * LOW HITPOINT WARNING * * *
It was a potion of berserk rage.
A red film seems to cover your vision as you go berserk!
You feel yourself moving faster!
You feel mighty! Dowan hits you but does no damage.
Duvessa hits you but does no damage.
You hit Dowan.
Flame seeps out of Dowan.
Dowan is lightly wounded.
You closely miss Duvessa.
Dowan is engulfed in blazing flames.
Dowan explodes!
The fiery explosion engulfs Duvessa!!
Flame seeps out of Duvessa.
Duvessa is severely wounded.
The fiery explosion engulfs you!
You die...

############## #@○§.........#
########e###.######<#
******#...e....# #.# #.#
*,,,,...######.###.# #.#
*,***********#.....# #.#
*,**,,,,......###### #.#
*,**,***#####.* #.#
***,**,*******#.** #.#
,,,,,,,,,,,,**..,*********#.#


You could see Duvessa (inner flame).

Vanquished Creatures
  An orc wizard (D:3)
  A worker ant (D:4)
  3 gnolls (D:2)
  An adder (D:3)
  An ooze (D:3)
  2 worms (D:2)
  3 dart slugs
  2 leopard geckos (D:1)
  6 orcs
  3 giant cockroaches
  2 hobgoblins
  2 quokkas (D:2)
  A ball python (D:2)
  11 bats
  4 frilled lizards
  4 goblins
  7 kobolds
  3 rats
57 creatures vanquished.

Notes
Turn   | Place    | Note
-------+----------+-------------------------------------------
     0 | D:1      | mortelune the Gargoyle Fighter began the quest for the Orb.
     0 | D:1      | Reached XP level 1. HP: 14/14 MP: 1/1
   442 | D:1      | Reached XP level 2. HP: 19/19 MP: 2/2
  1095 | D:2      | Reached XP level 3. HP: 24/24 MP: 3/3
  1570 | D:2      | Reached XP level 4. HP: 26/29 MP: 4/4
  2531 | D:3      | Reached XP level 5. HP: 34/34 MP: 5/5
  3069 | D:4      | Noticed an ogre
  3261 | D:5      | Entered Level 5 of the Dungeon
  3275 | D:5      | Noticed Duvessa
  3276 | D:5      | Noticed Dowan
  3289 | D:5      | Killed Dowan
  3289 | D:5      | Killed from afar by Dowan

Illustrated notes

Levels and vault maps discovered:
D:1:      minmay_arrival_split_and_join, layout_loops_cross
D:2:      layout_loops_ring, dk_vineyard_1
D:3:      layout_basic
D:4:      layout_basic, temple_hall, first_ration, cheibrodos_ashenzari_chains
D:5:      layout_loops_ring, serial_shops, shop_fountains, uniq_blork_the_orc,
          uniq_ijyb, uniq_duvessa

Skill      XL: |  1  2  3  4 |
---------------+-------------+-----
Axes           | 2 3 |  3.2
Fighting       | 4 |  4.6
Armour         | 4 |  4.6
Shields        | |  3.2

Action                   |  1- 3 |  4- 6 || total
-------------------------+-------+-------++-------
Melee: War axe           |   127 |    77 ||   204
  Use: Scroll            |       |     2 ||     2
       Potion            |       |     2 ||     2
  Eat: Chunk             |     2 |     6 ||     8
Armor: Scale mail        |    73 |    48 ||   121
Dodge: Dodged            |    42 |    25 ||    67
Block: Kite shield       |    60 |    45 ||   105
